 Dungeon Crawl Stone Soup version 0.30-a0-149-g7f746667c4 (webtiles) character file.

Game seed: 10287275633542575407

72 IdlyInterested the Chiller (level 4, -1/31 (33) HPs)
             Began as a Demonspawn Wanderer on Sept 26, 2022.
             Slain by Crazy Yiuf
             ... wielding a +4 quarterstaff of chaos
              (2 damage)
             ... on level 2 of the Dungeon.
             The game lasted 00:06:59 (2583 turns).

IdlyInterested the Chiller (Demonspawn Wanderer)    Turns: 2583, Time: 00:07:01

HP:   -1/31 (33)    AC:  7    Str: 13    XL:     4   Next: 6%
MP:   2/5           EV: 11    Int: 15    God:
Gold: 68            SH:  0    Dex: 12    Spells: 1/5 levels left

rFire   . . .      SeeInvis .    a - +0 short sword
rCold   . . .      Faith    .    (no shield)
rNeg    . . .      Spirit   .    g - +1 leather armour {rPois}
rPois   +          Reflect  .    (no helmet)
rElec   .          Harm     .    (no cloak)
rCorr   .          Rampage  .    (no gloves)
Will    .....                    d - +0 pair of boots
Stlth   +.........               (no amulet)
HPRegen 0.10/turn                (no ring)
MPRegen 0.09/turn                (no ring)

@: mighty, drained
A: yellow scales 1, powered by death 1
a: no special abilities


You were on level 2 of the Dungeon.
You visited 1 branch of the dungeon, and saw 2 of its levels.

You collected 68 gold pieces.

Inventory:

Hand Weapons
 a - a +0 short sword (weapon)
Armour
 b - a +0 ring mail
 d - a +0 pair of boots (worn)
 g - a +1 leather armour of poison resistance (worn)
 i - a +0 scale mail
Scrolls
 c - a scroll of blinking
 f - a scroll of teleportation
 l - a scroll of immolation {unknown}
 m - a scroll of identify {unknown}
Potions
 h - a potion of degeneration {unknown}
 k - a potion of brilliance {unknown}


   Skills:
 + Level 1.8 Fighting
 - Level 1.7 Short Blades
 - Level 2.0 Armour
 + Level 1.3 Dodging
 - Level 1.0 Spellcasting
 * Level 4.5 Ice Magic


You had one spell level left.
You knew the following spells:

 Your Spells              Type           Power      Damage    Failure   Level
a - Freeze                Ice            56%        1d7       4%          1
b - Frozen Ramparts       Ice            28%        1d5       14%         3

Your spell library contained the following spells:

 Spells                   Type           Power      Damage    Failure   Level
 Summon Ice Beast         Ice/Summ       7%         N/A       77%         4


Dungeon Overview and Level Annotations

Branches:
Dungeon (2/15)

Altars:

Annotations:
D:2 Crazy Yiuf


Innate Abilities, Weirdness & Mutations

You are partially covered in yellow scales. (AC +2)
You regenerate a little health from kills.


Message History

You kill the ball python!
m - a scroll labelled JOMMAG SEYGULE You now have 68 gold pieces (gained 11).
Found a hammer.
Found a runed translucent door.
Crazy Yiuf shouts!
You see here a +0 dagger.
You see here a +0 dagger.
Could not explore, unopened runed door.
You open the door.
Casting: Frozen Ramparts (quite dangerous; 14% risk of failure)
Confirm with . or Enter, or press ? or * to list all spells.
The spell is quite dangerous to miscast (14% risk of failure)!
Continue anyway?
Casting: Frozen Ramparts (quite dangerous; 14% risk of failure)
Press: ? - help, Dir - look around, f - activate The walls around you are covered in ice.
The wall freezes Crazy Yiuf.
Crazy Yiuf hits you with a +4 quarterstaff of chaos.
Space warps horribly around you!
It was a potion of curing.
You feel better.
The wall freezes Crazy Yiuf but does no damage.
Crazy Yiuf grits, "Tonal head action!"
Crazy Yiuf hits you with a +4 quarterstaff of chaos.
You feel drained.
You feel better.
The wall freezes Crazy Yiuf.
Crazy Yiuf hits you with a +4 quarterstaff of chaos!
You hit Crazy Yiuf. Your punch misses Crazy Yiuf.
Crazy Yiuf is lightly wounded.
The wall freezes Crazy Yiuf but does no damage.
Crazy Yiuf hits you with a +4 quarterstaff of chaos.
* * * LOW HITPOINT WARNING * * *
It was a potion of might.
You feel very mighty all of a sudden.
The wall freezes Crazy Yiuf.
Crazy Yiuf barely misses you.
You barely miss Crazy Yiuf.
Crazy Yiuf is heavily wounded.
The frozen ramparts melt away.
Crazy Yiuf hits you with a +4 quarterstaff of chaos!
* * * LOW HITPOINT WARNING * * *
You convulse.
You die...

######## ##.#..#.###
### ####......#.@##...#
#####........####g'...#
......##..#.## ###..)#
....######### ### ....#
....# ....#
############ ....#####
##..........# ....#...#
#..#..#######


You could see Crazy Yiuf.

Vanquished Creatures
  Natasha (D:2)
  A dart slug (D:2)
  3 ball pythons (D:2)
  4 endoplasms
  2 giant cockroaches (D:1)
  4 goblins (D:1)
  9 hobgoblins
  A quokka (D:1)
  5 bats
  2 frilled lizards
  4 kobolds
  3 rats
39 creatures vanquished.

Notes
Turn   | Place    | Note
-------+----------+-------------------------------------------
     0 | D:1      | IdlyInterested the Demonspawn Wanderer began the quest for
                  | the Orb.
     0 | D:1      | IdlyInterested set off with the following items: a +0 short
                  | sword, a +0 ring mail, a scroll of blinking; and the
                  | following spell memorised: Freeze; and the following spells
                  | available to memorise: Frozen Ramparts, Summon Ice Beast.
     0 | D:1      | Reached XP level 1. HP: 13/13 MP: 2/2
     4 | D:1      | Found a faded altar of an unknown god.
   356 | D:1      | Gained mutation: You are partially covered in yellow
                  | scales. (AC +2) [demonic ancestry]
   356 | D:1      | Reached XP level 2. HP: 19/20 MP: 3/3
   450 | D:1      | Reached skill level 4 in Ice Magic
   717 | D:1      | Reached skill level 1 in Fighting
  1279 | D:1      | Reached XP level 3. HP: 20/26 MP: 4/4
  1606 | D:2      | Learned a level 3 spell: Frozen Ramparts
  1937 | D:2      | Noticed Natasha
  1944 | D:2      | Killed Natasha
  1945 | D:2      | Gained mutation: You regenerate a little health from kills.
                  | [demonic ancestry]
  1945 | D:2      | Reached XP level 4. HP: 16/33 MP: 1/5
  2522 | D:2      | Found a runed translucent door.
  2523 | D:2      | Noticed Crazy Yiuf
  2583 | D:2      | HP: 1/31 [Crazy Yiuf/+4 quarterstaff of chaos (7)]
  2583 | D:2      | Slain by Crazy Yiuf

Illustrated notes

Levels and vault maps discovered:
D:1:      tarquinn_simple_flora_water_c, layout_rooms,
          ebering_ecumenical_altar_mist, minmay_misc_feat_square,
          kennysheep_another_room
D:2:      mumra_celtic_spiral_tile, layout_rooms, uniq_crazy_yiuf_cottage,
          uniq_natasha

Skill      XL: |  1  2  3 |
---------------+----------+-----
Ice Magic      | 4 |  4.5
Fighting       | 1 |  1.8
Armour         | 2 |  2.0
Short Blades   | |  1.7
Dodging        | |  1.3
Spellcasting   | |  1.0

Action                   |  1- 3 |  4- 6 || total
-------------------------+-------+-------++-------
Melee: Short sword       |   167 |     7 ||   174
       Punch             |     2 |       ||     2
 Cast: Freeze            |    14 |       ||    14
       Frozen Ramparts   |     1 |     1 ||     2
  Use: Scroll            |     2 |       ||     2
       Potion            |       |     3 ||     3
Armor: Ring mail         |    70 |       ||    70
       Leather armour    |     8 |     2 ||    10
Dodge: Dodged            |    88 |     3 ||    91

Table legend: (Time is in decaauts)
 A = Elapsed time spent in this place.
 B = Non-inter-level travel time spent in this place.
 C = Inter-level travel time spent in this place.
 D = Time resting spent in this place.
 E = Time spent auto-exploring this place.
 F = Levels seen in this place.
 G = Mean time per level.
                   A        B        C        D        E       F      G
               +--------+--------+--------+--------+--------+-----+--------+
         Total |   2573 |   2429 |    144 |    919 |   1102 |   2 | 1286.5 |
       Dungeon |   2573 |   2429 |    144 |    919 |   1102 |   2 | 1286.5 |
               +--------+--------+--------+--------+--------+-----+--------+

Top non-repeatable levels by time:
     D:1: 1603 daAuts
     D:2: 969 daAuts
